AoeStats
← phamtrankhoanhi202

Arabia

510260937Analyzed
1v1 RM · 2d ago on Sep 30, 2026· 27m 52s· 2 players
Game mode
Random Map
Map size
Tiny (2 player)
Population
200
Speed
Normal
Resources
Standard
Victory
Conquest
Starting age
Dark Age
Ending age
Imperial Age
RankedLock teamsTeams togetherTeam positionsShared explorationLock speedFull tech treeHidden civsTurbo modeCheats
Victory
Defeat
🇨🇳 Magyars · China
968
+29
🇻🇳 Turks · Vietnam
945
-15
phamtrankhoanhi202
11:56 Feudal Age
10:11 Loom
20:37 Castle Age
21:48 Wheelbarrow
22:05 Forging
drug god
3:14 Loom
10:12 Feudal Age
12:47 Scale Barding Armor
20:44 Castle Age
19:39 Bloodlines
19:31 Double-Bit Axe
19:47 Horse Collar
20:07 Gold Mining
21:32 Husbandry
24:02 Chain Barding Armor
27:50 Wheelbarrow
Connection lost

Rejoining the realm…

Still unreachable

The connection could not be restored.

Session expired

The server has moved on; the page needs a fresh start.